 Dungeon Crawl Stone Soup version 0.29-a0-221-gceb61267dd (webtiles) character file.

Game seed: 1847291286649760361

169423 dolemite99 the Hand of Fortune (level 17, -7/120 HPs)
             Began as a Gnoll Arcane Marksman on Feb 26, 2022.
             Was the Champion of Nemelex Xobeh.
             Mangled by a bunyip (27 damage)
             ... on level 3 of the Swamp.
             The game lasted 01:44:12 (57565 turns).

dolemite99 the Hand of Fortune (GnAM)              Turns: 57565, Time: 01:44:13

Health: -7/120     AC: 18    Str: 10    XL:     17   Next: 97%
Magic:  13/33      EV: 16    Int: 23    God:    Nemelex Xobeh [******]
Gold:   300        SH: 13    Dex: 17    Spells: 3/40 levels left

rFire   + . .      SeeInvis .   a - +8 fustibalus (vorpal)
rCold   x . .      Faith    +   T - +0 kite shield
rNeg    . . .      Spirit   .   o - +1 ring mail "Kaoth" {rElec Int+7 Stlth-}
rPois   .          Reflect  .   L - +1 hat {Will+}
rElec   +          Harm     .   Q - +2 cloak {Will+}
rCorr   .          Rampage  .   l - +0 pair of gloves
Will    +++..                   z - +2 pair of boots
Stlth   +++.......              g - amulet of faith
HPRegen 0.30/turn               r - +4 ring of slaying {=R}
MPRegen 0.23/turn               X - ring of fire

@: lethally poisoned (-7 -> -8), slowed, very slow
A: fangs 1, strong nose, distributed training, frail 1
a: Renounce Religion, Draw Escape, Draw Destruction, Draw Summoning, Triple
Draw, Deal Four, Stack Five


You were on level 3 of the Swamp.
You worshipped Nemelex Xobeh.
Nemelex Xobeh was exalted by your worship.
You visited 6 branches of the dungeon, and saw 31 of its levels.

You collected 3091 gold pieces.
You spent 2791 gold pieces at shops.

Inventory:

Hand Weapons
 a - a +8 vorpal fustibalus (weapon)
 w - the +3 rapier of the Open Hand {antimagic, rCorr Str+5}
   (You bought it in a shop on level 3 of the Dungeon)

   It reduces the magical energy of the wielder, and disrupts the spells and
   magical abilities of those it strikes.
   Natural abilities and divine invocations are not affected.
   Str:       It affects your strength (+5).
   rCorr:     It protects you from acid and corrosion.
 x - the +7 rapier of Spores {elec, Fragile rPois rF+++ Will+}
   (You bought it in a shop on level 2 of the Orcish Mines)

   It occasionally discharges a powerful burst of electricity upon striking a
   foe.
   rF:        It renders you almost immune to fire.
   rPois:     It protects you from poison.
   Fragile:   It will be destroyed if unequipped.
   Will:      It increases your willpower.
 y - a +3 demon whip of venom
Missiles
 c - 747 stones
 d - 20 boomerangs
 n - 37 poisoned darts
 u - 3 silver javelins
Armour
 l - a +0 pair of gloves (worn)
 o - the +1 ring mail "Kaoth" (worn) {rElec Int+7 Stlth-}
   (You found it on level 2 of the Dungeon)

   Int:       It affects your intelligence (+7).
   rElec:     It insulates you from electricity.
   Stlth:     It makes you less stealthy.
 z - a +2 pair of boots (worn)
 L - a +1 hat of willpower (worn)
 M - a +3 ring mail of fire resistance
 Q - a +2 cloak of willpower (worn)
 T - a +0 kite shield (worn)
 Y - the +5 ring mail of Asceticism {rElec Dex+5 SInv}
   (You found it on level 2 of the Swamp)

   Dex:       It affects your dexterity (+5).
   rElec:     It insulates you from electricity.
   SInv:      It lets you see invisible.
Magical Staves
 b - a staff of poison
 H - a staff of cold
Jewellery
 g - an amulet of faith (around neck)
 k - a ring of willpower
 m - a ring of protection from cold
 r - a +4 ring of slaying (left hand) {=R}
 G - the ring "Modemm" {rPois Dex+4 SInv}
   (You took it off a salamander on level 3 of the Snake Pit)

   [ring of see invisible]

   Dex:       It affects your dexterity (+4).
   rPois:     It protects you from poison.
   SInv:      It lets you see invisible.
 K - a +4 ring of evasion
 X - a ring of fire (right hand)
Wands
 p - a wand of mindburst (12)
 q - a wand of acid (7)
 v - a wand of digging (2)
 D - a wand of polymorph (15)
Scrolls
 f - 5 scrolls of teleportation
 i - a scroll of magic mapping
 N - 10 scrolls of identify {@r1}
 P - 2 scrolls of noise
 U - 2 scrolls of blinking
 W - a scroll of torment
Potions
 e - a potion of magic
 h - 3 potions of ambrosia
 j - a potion of berserk rage
 t - 3 potions of cancellation
 A - 7 potions of brilliance
 C - 6 potions of might
 J - a potion of resistance
 R - 4 potions of haste
 S - 9 potions of curing
 V - a potion of invisibility


   Skills:
 + Level 12.3 Fighting
 + Level 12.0 Short Blades
 + Level 12.0 Long Blades
 + Level 12.0 Axes
 + Level 12.0 Maces & Flails
 + Level 12.0 Polearms
 + Level 12.0 Staves
 + Level 12.8 Slings
 + Level 12.0 Bows
 + Level 12.0 Crossbows
 + Level 12.0 Throwing
 + Level 12.0 Armour
 + Level 12.8 Dodging
 + Level 12.0 Stealth
 + Level 12.0 Shields
 + Level 12.0 Unarmed Combat
 + Level 12.3 Spellcasting
 + Level 10.2 Conjurations
 + Level 11.5 Hexes
 + Level 10.2 Summonings
 + Level 10.2 Necromancy
 + Level 10.2 Translocations
 + Level 10.2 Transmutations
 + Level 10.2 Fire Magic
 + Level 10.2 Ice Magic
 + Level 10.2 Air Magic
 + Level 10.2 Earth Magic
 + Level 10.2 Poison Magic
 + Level 13.1 Invocations
 + Level 12.0 Evocations


You had 3 spell levels left.
You knew the following spells:

 Your Spells              Type           Power      Damage    Failure   Level
a - Summon Lightning Spi  Summ/Air       57%        N/A       2%          4
b - Fireball              Conj/Fire      37%        3d15      8%          5
c - Mephitic Cloud        Conj/Pois/Air  57%        N/A       1%          3
d - Freezing Cloud        Conj/Ice/Air   28%        6-21      8%          5
f - Cause Fear            Hex            30%        N/A       1%          4
g - Swiftness             Air            57%        N/A       1%          3
h - Olgreb's Toxic Radia  Pois           57%        N/A       2%          4
i - Airstrike             Air            28%        N/A       2%          4
j - Yara's Violent Unrav  Hex/Tmut       29%        3d12      6%          5

Your spell library contained the following spells:

 Spells                   Type           Power      Damage    Failure   Level
 Beastly Appendage        Tmut           100%       N/A       1%          1
 Sandblast                Erth           100%       2d20      1%          1
 Slow                     Hex            100%       N/A       1%          1
 Sting                    Tmut/Pois      100%       1d8       1%          1
 Summon Small Mammal      Summ           100%       N/A       1%          1
 Ensorcelled Hibernation  Hex/Ice        100%       N/A       1%          2
 Passwall                 Tmut/Erth      47%        N/A       1%          2
 Poisonous Vapours        Pois/Air       100%       N/A       1%          2
 Scorch                   Fire           100%       2d10      1%          2
 Wereblood                Tmut           57%        N/A       1%          2
 Call Canine Familiar     Summ           57%        N/A       1%          3
 Confusing Touch          Hex            61%        N/A       1%          3
 Gell's Gravitas          Tloc           57%        N/A       1%          3
 Ignite Poison            Fire/Tmut/Pois 75%        N/A       1%          3
 Inner Flame              Hex/Fire       77%        N/A       1%          3
 Lesser Beckoning         Tloc           57%        N/A       1%          3
 Ozocubu's Armour         Ice            57%        N/A       1%          3
 Portal Projectile        Hex/Tloc       100%       N/A       1%          3
 Spider Form              Tmut/Pois      57%        N/A       1%          3
 Stone Arrow              Conj/Erth      100%       3d13      1%          3
 Summon Guardian Golem    Hex/Summ       59%        N/A       1%          3
 Teleport Other           Tloc           57%        N/A       1%          3
 Leda's Liquefaction      Hex/Erth       29%        N/A       1%          4
 Flame Wave               Conj/Fire      75%        2d13      2%          4
 Hailstorm                Conj/Ice       57%        3d12      2%          4
 Ice Form                 Ice/Tmut       57%        N/A       2%          4
 Summon Ice Beast         Ice/Summ       57%        N/A       2%          4
 Summon Mana Viper        Hex/Summ       59%        N/A       6%          5
 Iskenderun's Battlesphe  Conj           57%        2d11      8%          5
 Lee's Rapid Deconstruct  Erth           28%        3d16*     8%          5
 Lightning Bolt           Conj/Air       28%        1d45      8%          5
 Conjure Ball Lightning   Conj/Air       28%        3x3d8     38%         6
 Simulacrum               Ice/Necr       28%        N/A       38%         6
 Statue Form              Tmut/Erth      38%        N/A       38%         6
 Summon Cactus Giant      Summ           28%        N/A       38%         6
 Enfeeble                 Hex            30%        N/A       80%         7
 Monstrous Menagerie      Summ           28%        N/A       93%         7
 Orb of Destruction       Conj           28%        9d9       93%         7
 Ozocubu's Refrigeration  Ice            28%        4d10      93%         7
 Lehudib's Crystal Spear  Conj/Erth      28%        10d8      100%        8


Dungeon Overview and Level Annotations

Branches:
Dungeon (15/15)            Temple (1/1) D:4            Lair (6/6) D:10
  Swamp (3/4) Lair:2        Snake (4/4) Lair:4        Slime (0/5) Lair:5
    Orc (2/2) D:12            Elf (0/3) Orc:2        Vaults (0/5) D:14
 Depths (0/4) D:15

Altars:
Ashenzari
Cheibriados
Dithmenos
Elyvilon
Fedhas
Gozag
Hepliaklqana
Kikubaaqudgha
Makhleb
Nemelex Xobeh
Okawaru
Qazlal
Ru
Sif Muna
Trog
Uskayaw
Vehumet
Wu Jian
Xom
Yredelemnul
Zin
The Shining One
Beogh
Jiyva

Shops:
D:3 (   D:4 (   D:6 !   D:8 ?   D:9 *   Orc:2 (((!(   Snake:1 !=

Portals:
Trove: D:10 (give +5 fire dragon scales)

Annotations:
Lair:1 3 runed translucent doors, AlmostDecent's ghost, journeyman GnEE; Veaskeph's ghost, journeyman OgFi
Lair:2 exclusion: oklob plant
Swamp:2 exclusion: downstairs
Snake:3 2 transporters, Jiafu's ghost, adept DsIE


Innate Abilities, Weirdness & Mutations

You have very sharp teeth.
Your uncanny sense of smell can sniff out nearby items.
Your experience applies equally to all skills.
You are frail. (-10% HP)


Message History

You feel strangely unstable. The alligator closely misses you.
The alligator tail-slaps you but does no damage.
The spriggan rider throws a curare-tipped dart.
The curare-tipped dart hits you.
You are poisoned.
You have difficulty breathing.
You feel yourself slow down.
You feel very sick.
The spriggan rider hits you with a +0 morningstar.
The alligator bites you. The alligator barely misses you.
Your surroundings suddenly seem different.
Splash!
You fall into the shallow water.
Moving in this stuff is going to be slow.
A bunyip comes into view.
Found the dreamshard necklace {*Dream Drain}.
You feel very sick.
Aiming: Corrosive Bolt
Press: ? - help, Shift-Dir - straight line, f - bunyip
Aim: a bunyip (76% to hit)
The bolt of acid hits the bunyip!!
The acid corrodes the bunyip!
The bunyip is moderately wounded.
You feel very sick.
Aiming: Corrosive Bolt
Press: ? - help, Shift-Dir - straight line, f/p - bunyip
Aim: a bunyip (lightly wounded, covered in acid, 76% to hit)
The bolt of acid hits the bunyip!
The bunyip is moderately wounded.
You feel sick. The bunyip claws you!!
* * * LOW HITPOINT WARNING * * *
The bunyip barely misses you. x2
Aiming: Corrosive Bolt
Press: ? - help, Shift-Dir - straight line, f/p - bunyip
Aim: a bunyip (moderately wounded, covered in acid, 76% to hit)
The bolt of acid hits the bunyip!!
The bunyip seems to be corroded for longer.
The bunyip is heavily wounded.
You feel sick.
You feel sick. The bunyip claws you!!
You die...
Your body glows with a rainbow of weird colours and disappears.

♣♣...♣.≈≈...
♣≈?.≈ ..≈≈≈
♣♣♣♣≈♣ .≈≈≈ ∆
≈ ♣♣ ≈≈≈ ≈≈
..♣♣ ...
♣♣.≈♣♣ .≈≈.
♣♣≈≈≈.♣ .≈≈≈.
♣..≈≈x♣≈.≈≈≈♣
♣..≈.@.♣
♣≈.≈.♣♣♣♣ ∆
♣."≈. ♣♣♣♣♣


You could see a bunyip (corroded).

Vanquished Creatures
  Vashnia (Snake:3)
  Jorgrun (Orc:2)
  A quicksilver dragon (Swamp:2)
  A nagaraja (Snake:3)
  Roxanne (Snake:3)
  Aizul (Snake:3)
  A quicksilver ooze (Lair:3)
  Nessos (Orc:2)
  4 eleionomae
  2 bunyips (Swamp:1)
  A minotaur (Lair:3)
  Azrael (Orc:2)
  Snorg (Lair:4)
  A naga warrior (Snake:3)
  2 salamander tyrants
  3 vault guards (D:14)
  10 hydras
  2 catoblepae (Lair:6)
  5 anacondas
  2 boulder beetles
  An ogre mage (D:15)
  A death knight (D:14)
  A two-headed ogre (D:15)
  4 centaur warriors
  2 alligators (Swamp:3)
  5 death yaks
  An orc high priest (Orc:2)
  A shock serpent (Snake:3)
  4 naga sharpshooters
  Amaemon (Lair:2)
  A salamander mystic (Snake:3)
  4 goliath frogs (Swamp:1)
  3 skeletal warriors (D:15)
  An orb spider (Lair:6)
  4 spriggan druids
  8 swamp dragons
  A bog body (Lair:2)
  A golden dragon skeleton (D:15)
  A naga ritualist (Snake:2)
  A necromancer (D:15)
  A lindwurm (Lair:6)
  8 ugly things
  4 orc sorcerers
  4 mana vipers
  A cyclops (D:15)
  A will-o-the-wisp (Swamp:3)
  A fire giant zombie (D:15)
  14 salamanders
  16 black mambas
  3 gargoyles
  10 naga magi
  2 molten gargoyles (D:11)
  3 rime drakes
  2 unseen horrors (D:13)
  3 komodo dragons
  2 cane toads
  2 freezing wraiths (D:15)
  A yaktaur (Snake:1)
  7 trolls
  A meliai (shapeshifter) (D:14)
  A wind drake (Swamp:1)
  A raiju (Snake:1)
  2 hornets
  2 tyrant leeches (Swamp:1)
  7 blink frogs
  5 dream sheep
  4 slime creatures (D:14)
  8 spriggans
  4 wyverns
  A spriggan skeleton (D:15)
  5 wraiths
  35 yaks
  4 humans
  A fire elemental (Orc:2)
  4 basilisks
  2 steam dragons
  11 vampire mosquitoes
  A warg (Orc:2)
  6 swamp worms
  Menkaure (D:4)
  18 nagas
  6 hell hounds (Orc:2)
  Duvessa (D:5)
  12 water moccasins
  An ice beast (D:6)
  A sky beast (D:5)
  5 black bears
  11 orc warriors
  A necrophage (D:8)
  7 ogres
  10 wolves
  15 centaurs
  A phantom (D:5)
  11 bullfrogs
  2 gnoll sergeants
  A scorpion (D:6)
  Dowan (D:5)
  15 killer bees
  An electric eel (Lair:3)
  2 nameless horrors
  5 wights (D:8)
  2 howler monkeys (D:12)
  A lava snake (D:11)
  A hound (D:5)
  A jelly (D:7)
  8 orc priests
  5 iguanas
  12 orc wizards
  8 gnolls
  7 adders
  A shadow imp (D:7)
  A white imp (D:6)
  2 ufetubi
  A worm (D:2)
  2 dart slugs
  54 orcs
  7 ball pythons
  7 endoplasms
  4 giant cockroaches
  6 goblins
  12 hobgoblins
  7 jackals
  4 bats
  2 frilled lizards (D:1)
  6 kobolds
  5 rats
572 creatures vanquished.

Vanquished Creatures (collateral kills)
  Nikola (Snake:2)
  The ghost of dolemite99 the Quickloader, an adept GnHu of Jiyva (Swamp:2)
  An eleionoma (Swamp:2)
  A bunyip (Swamp:1)
  Josephine (Lair:4)
  7 naga warriors
  A catoblepas (Lair:6)
  6 hydras
  2 centaur warriors
  A death knight (D:15)
  5 anacondas
  3 alligators
  4 two-headed ogres
  2 tengu warriors (D:13)
  A vampire mage (D:15)
  7 death yaks
  Urug (Lair:6)
  An orc high priest (Orc:2)
  4 naga sharpshooters
  3 salamander mystics
  A fire crab (shapeshifter) (D:15)
  A goliath frog (Swamp:2)
  A storm dragon skeleton (D:15)
  An orc knight (D:12)
  A phantasmal warrior (D:14)
  A deep elf pyromancer (D:13)
  2 mana vipers
  2 manticores
  An oklob plant (Lair:4)
  6 salamanders
  A will-o-the-wisp (Swamp:3)
  7 ugly things
  2 orc sorcerers (Orc:2)
  Maurice (Orc:2)
  2 naga magi (Snake:2)
  6 elephants (Lair:6)
  Maggie (D:9)
  A gargoyle (D:12)
  3 black mambas
  A cane toad (Lair:6)
  2 freezing wraiths (D:14)
  An orange demon (Lair:2)
  2 komodo dragons
  4 trolls
  5 tyrant leeches
  2 hornets
  A slime creature (D:14)
  2 blink frogs (Lair:6)
  13 yaks
  A human (shapeshifter) (D:13)
  4 wraiths
  A basilisk (D:15)
  5 humans (D:14)
  8 vampire mosquitoes
  15 nagas
  2 acid dragons
  3 swamp worms
  A warg (Orc:2)
  2 water moccasins
  10 orc warriors
  A black bear (D:10)
  3 wolves (Lair:6)
  4 centaurs
  3 bullfrogs
  A howler monkey (D:12)
  2 lava snakes (D:11)
  11 orc priests
  15 orc wizards
  10 orcs
229 creatures vanquished.

Vanquished Creatures (others)
  2 bloated husks
  A human (D:14)
  2 vampire mosquitoes (Swamp:3)
  A naga (Snake:2)
  An ogre (Orc:2)
  2 bushes (Lair:6)
  8 foxfires (Swamp:3)
  37 fungi
  68 plants
  9 withered plants (D:15)
131 creatures vanquished.

Grand Total: 932 creatures vanquished

Notes
Turn   | Place    | Note
-------+----------+-------------------------------------------
     0 | D:1      | dolemite99 the Gnoll Arcane Marksman began the quest for
                  | the Orb.
     0 | D:1      | Reached XP level 1. HP: 17/17 MP: 4/4
   143 | D:1      | Found a faded altar of an unknown god.
   147 | D:1      | Prayed at the altar of an unknown god.
   147 | D:1      | Became a worshipper of Nemelex Xobeh the Trickster
   147 | D:1      | Reached * piety under Nemelex Xobeh
   325 | D:1      | Reached XP level 2. HP: 23/23 MP: 5/5
   590 | D:1      | Received a gift from Nemelex Xobeh
   849 | D:1      | Reached XP level 3. HP: 22/28 MP: 5/7
  1171 | D:2      | Reached skill level 1 in Invocations
  1391 | D:2      | Reached skill level 1 in Short Blades
  1391 | D:2      | Reached skill level 1 in Long Blades
  1391 | D:2      | Reached skill level 1 in Axes
  1391 | D:2      | Reached skill level 1 in Maces & Flails
  1391 | D:2      | Reached skill level 1 in Polearms
  1391 | D:2      | Reached skill level 1 in Staves
  1391 | D:2      | Reached skill level 1 in Bows
  1391 | D:2      | Reached skill level 1 in Crossbows
  1391 | D:2      | Reached skill level 1 in Throwing
  1391 | D:2      | Reached skill level 1 in Armour
  1391 | D:2      | Reached skill level 1 in Stealth
  1391 | D:2      | Reached skill level 1 in Shields
  1391 | D:2      | Reached skill level 1 in Unarmed Combat
  1391 | D:2      | Reached skill level 1 in Evocations
  1870 | D:2      | Reached XP level 4. HP: 34/34 MP: 8/8
  1899 | D:2      | Reached ** piety under Nemelex Xobeh
  1910 | D:2      | Found a broken altar of Ashenzari.
  1986 | D:2      | Identified the +1 ring mail "Kaoth" {rElec Int+7 Stlth-}
  2004 | D:2      | Learned a level 2 spell: Ensorcelled Hibernation
  2425 | D:2      | Received a gift from Nemelex Xobeh
  3097 | D:3      | Reached skill level 1 in Conjurations
  3097 | D:3      | Reached skill level 1 in Summonings
  3097 | D:3      | Reached skill level 1 in Necromancy
  3097 | D:3      | Reached skill level 1 in Translocations
  3097 | D:3      | Reached skill level 1 in Transmutations
  3097 | D:3      | Reached skill level 1 in Fire Magic
  3097 | D:3      | Reached skill level 1 in Ice Magic
  3097 | D:3      | Reached skill level 1 in Air Magic
  3097 | D:3      | Reached skill level 1 in Earth Magic
  3097 | D:3      | Reached skill level 1 in Poison Magic
  3299 | D:3      | Reached XP level 5. HP: 36/40 MP: 7/9
  3368 | D:3      | Found Zoum's Antique Weapon Boutique.
  3442 | D:4      | Received a gift from Nemelex Xobeh
  3482 | D:4      | Found a staircase to the Ecumenical Temple.
  3489 | Temple   | Entered the Ecumenical Temple
  4084 | D:4      | Found Ymurigu's Weapon Emporium.
  4146 | D:4      | Reached *** piety under Nemelex Xobeh
  4202 | D:4      | Noticed a black bear
  4241 | D:3      | Killed a black bear
  4242 | D:3      | Reached skill level 2 in Invocations
  4242 | D:3      | Reached XP level 6. HP: 46/47 MP: 6/11
  4771 | D:4      | Noticed a human
  4771 | D:4      | an ogre changed into a human
  4838 | D:4      | Noticed Menkaure
  4839 | D:4      | Killed Menkaure
  4840 | D:4      | Reached skill level 5 in Slings
  4840 | D:4      | Reached skill level 5 in Dodging
  5014 | D:4      | Killed a human
  5015 | D:4      | Reached XP level 7. HP: 52/52 MP: 12/12
  5042 | D:4      | Identified a scroll of acquirement
  5042 | D:4      | Acquired a +8 vorpal fustibalus
  5392 | D:5      | Entered Level 5 of the Dungeon
  5482 | D:5      | Noticed Duvessa
  5497 | D:5      | Killed Duvessa
  5498 | D:5      | Reached skill level 3 in Invocations
  5528 | D:5      | Noticed Dowan
  5941 | D:5      | Killed Dowan
  6024 | D:5      | Learned a level 3 spell: Mephitic Cloud
  6093 | D:5      | Reached XP level 8. HP: 60/60 MP: 14/14
  6573 | D:5      | Received a gift from Nemelex Xobeh
  6580 | D:5      | Got the Almanac of Cankerous Clay
  6904 | D:6      | Found Zuiz's Distillery.
  6909 | D:6      | Bought a potion of curing for 33 gold pieces
  6909 | D:6      | Bought a potion of heal wounds for 55 gold pieces
  6909 | D:6      | Bought a potion of curing for 33 gold pieces
  6909 | D:6      | Bought a potion of curing for 33 gold pieces
  7109 | D:6      | Reached **** piety under Nemelex Xobeh
  7109 | D:6      | Received a gift from Nemelex Xobeh
  7334 | D:6      | Reached skill level 4 in Invocations
  7447 | D:6      | Noticed a hornet
  7455 | D:6      | Killed a hornet
  7456 | D:6      | Reached XP level 9. HP: 51/66 MP: 13/16
  7579 | D:6      | Reached skill level 5 in Spellcasting
  7867 | D:7      | Reached skill level 5 in Fighting
  8153 | D:7      | Learned a level 3 spell: Inner Flame
  8739 | D:8      | Reached skill level 5 in Invocations
  8925 | D:8      | Learned a level 3 spell: Swiftness
  8930 | D:8      | Learned a level 4 spell: Cause Fear
  8935 | D:8      | Received a gift from Nemelex Xobeh
  8943 | D:8      | Found a hazy altar of Hepliaklqana.
  9043 | D:8      | Reached XP level 10. HP: 65/74 MP: 16/18
  9166 | D:8      | Reached skill level 5 in Short Blades
  9166 | D:8      | Reached skill level 5 in Long Blades
  9166 | D:8      | Reached skill level 5 in Axes
  9166 | D:8      | Reached skill level 5 in Maces & Flails
  9166 | D:8      | Reached skill level 5 in Polearms
  9166 | D:8      | Reached skill level 5 in Staves
  9166 | D:8      | Reached skill level 5 in Bows
  9166 | D:8      | Reached skill level 5 in Crossbows
  9166 | D:8      | Reached skill level 5 in Throwing
  9166 | D:8      | Reached skill level 5 in Armour
  9166 | D:8      | Reached skill level 5 in Stealth
  9166 | D:8      | Reached skill level 5 in Shields
  9166 | D:8      | Reached skill level 5 in Unarmed Combat
  9166 | D:8      | Reached skill level 5 in Evocations
  9489 | D:8      | Received a gift from Nemelex Xobeh
  9533 | D:8      | Found Nypitec's Magic Scroll Shop.
  9536 | D:8      | Bought a scroll of teleportation for 39 gold pieces
  9536 | D:8      | Bought a scroll of blinking for 97 gold pieces
  9536 | D:8      | Bought a scroll of identify for 26 gold pieces
  9733 | D:9      | Found Xofaigez's Assorted Antiques.
  9761 | D:9      | Noticed Maggie
  9777 | D:9      | Killed Maggie
 10617 | D:9      | Bought a scroll of fear for 112 gold pieces
 10617 | D:9      | Bought a fuming amethyst potion for 28 gold pieces
 10791 | D:9      | Reached skill level 6 in Invocations
 11107 | D:10     | Entered Level 10 of the Dungeon
 11107 | D:10     | Reached ***** piety under Nemelex Xobeh
 11109 | D:10     | Identified the +1 chain mail of Cos Call {rN+ Str+6}
 11571 | D:10     | Found a staircase to the Lair.
 11801 | D:10     | Reached XP level 11. HP: 44/83 MP: 20/20
 12116 | D:10     | Reached skill level 5 in Conjurations
 12116 | D:10     | Reached skill level 5 in Summonings
 12116 | D:10     | Reached skill level 5 in Necromancy
 12116 | D:10     | Reached skill level 5 in Translocations
 12116 | D:10     | Reached skill level 5 in Transmutations
 12116 | D:10     | Reached skill level 5 in Fire Magic
 12116 | D:10     | Reached skill level 5 in Ice Magic
 12116 | D:10     | Reached skill level 5 in Air Magic
 12116 | D:10     | Reached skill level 5 in Earth Magic
 12116 | D:10     | Reached skill level 5 in Poison Magic
 12689 | D:10     | Received a gift from Nemelex Xobeh
 13301 | D:10     | Found a portal to a secret trove of treasure.
 13410 | D:10     | Learned a level 4 spell: Summon Lightning Spire
 13414 | D:10     | Learned a level 3 spell: Swiftness
 13754 | D:8      | Bought a scroll of identify for 26 gold pieces
 13819 | Lair:1   | Entered Level 1 of the Lair of Beasts
 13829 | Lair:1   | Reached skill level 7 in Invocations
 13991 | Lair:1   | Received a gift from Nemelex Xobeh
 14019 | Lair:1   | Found a runed translucent gate.
 14020 | Lair:1   | Found a runed translucent gate.
 14021 | Lair:1   | Found a runed translucent gate.
 14022 | Lair:1   | Noticed AlmostDecent's ghost (journeyman GnEE)
 14023 | Lair:1   | Noticed Veaskeph's ghost (journeyman OgFi)
 14782 | Lair:1   | Received a gift from Nemelex Xobeh
 15349 | Lair:2   | Noticed a bog body
 15349 | Lair:2   | Found a staircase to the Swamp.
 15358 | Lair:2   | Killed a bog body
 15661 | Lair:2   | Noticed Amaemon
 15871 | Lair:2   | Noticed a six-headed hydra
 15872 | Lair:2   | Killed Amaemon
 15873 | Lair:2   | Reached XP level 12. HP: 91/91 MP: 20/23
 15873 | Lair:2   | Identified the +1 trident of Kykhlew {spect, rN+ Dex+2}
 15877 | Lair:2   | Killed a six-headed hydra
 16311 | Lair:2   | Found a blossoming altar of Fedhas.
 17053 | Lair:3   | Noticed a death yak
 17057 | Lair:3   | Noticed a death yak
 17059 | Lair:3   | Killed a death yak
 17060 | Lair:3   | Noticed a death yak
 17116 | Lair:3   | Noticed a minotaur
 17116 | Lair:3   | a death yak changed into a minotaur
 17116 | Lair:3   | Noticed a quicksilver ooze
 17116 | Lair:3   | a death yak changed into a quicksilver ooze
 17118 | Lair:3   | Killed a minotaur
 17119 | Lair:3   | Reached skill level 8 in Invocations
 17119 | Lair:3   | Killed a quicksilver ooze
 17205 | Lair:3   | Received a gift from Nemelex Xobeh
 18173 | Lair:4   | Received a gift from Nemelex Xobeh
 18398 | Lair:4   | Noticed Snorg
 18399 | Lair:4   | Identified the +2 long sword "Bifygis" {vorpal, Dex+7}
 18406 | Lair:4   | Noticed Josephine
 18728 | Lair:4   | Received a gift from Nemelex Xobeh
 18764 | Lair:4   | Killed Josephine
 18877 | Lair:4   | Found a staircase to the Snake Pit.
 18943 | Lair:4   | Reached XP level 13. HP: 98/98 MP: 25/25
 19196 | Lair:4   | Reached ****** piety under Nemelex Xobeh
 19262 | Lair:4   | Killed Snorg
 19333 | Lair:5   | Received a gift from Nemelex Xobeh
 19806 | Lair:5   | Received a gift from Nemelex Xobeh
 20042 | Lair:5   | Received a gift from Nemelex Xobeh
 20300 | Lair:5   | Found a viscous altar of Jiyva.
 20300 | Lair:5   | Found a staircase to the Slime Pits.
 20671 | Lair:6   | Entered Level 6 of the Lair of Beasts
 21212 | Lair:6   | Reached skill level 9 in Invocations
 21287 | Lair:6   | Noticed Urug
 21302 | Lair:6   | Killed Urug
 21412 | Lair:6   | Received a gift from Nemelex Xobeh
 21524 | Lair:5   | HP: 3/100 [death yak (21)]
 22957 | Lair:6   | Identified the +0 trident of Irritation {vorpal, rPois
                  | Will- MP+9}
 23718 | Lair:6   | Reached skill level 10 in Slings
 23718 | Lair:6   | Reached skill level 10 in Dodging
 23718 | Lair:6   | Reached XP level 14. HP: 51/108 MP: 20/27
 25457 | D:10     | Learned a level 4 spell: Olgreb's Toxic Radiance
 25640 | D:3      | Bought an ichor-stained rapier for 234 gold pieces
 25640 | D:3      | Identified the +3 rapier of the Open Hand {antimagic, rCorr
                  | Str+5} (You bought it in a shop on level 3 of the Dungeon)
 25812 | D:11     | Received a gift from Nemelex Xobeh
 27159 | D:11     | Reached skill level 10 in Invocations
 27323 | D:11     | Received a gift from Nemelex Xobeh
 28684 | D:12     | Found a staircase to the Orcish Mines.
 29022 | D:12     | Received a gift from Nemelex Xobeh
 31899 | D:13     | Received a gift from Nemelex Xobeh
 31912 | D:13     | Reached skill level 10 in Spellcasting
 32994 | D:13     | Found an ornate altar of the Wu Jian Council.
 32995 | D:13     | Received a gift from Nemelex Xobeh
 33134 | Orc:1    | Entered Level 1 of the Orcish Mines
 33457 | Orc:2    | Entered Level 2 of the Orcish Mines
 33457 | Orc:2    | Found a staircase to the Elven Halls.
 33460 | Orc:2    | Noticed Nessos
 33462 | Orc:2    | Noticed Jorgrun
 33467 | Orc:2    | Killed Jorgrun
 33467 | Orc:2    | Killed Nessos
 33468 | Orc:2    | Reached skill level 10 in Fighting
 33469 | Orc:2    | Reached XP level 15. HP: 100/115 MP: 20/29
 33470 | Orc:2    | Noticed Azrael
 33477 | Orc:2    | Gained mutation: You are frail. (-10% HP) [a neqoxec]
 33480 | Orc:2    | Killed Azrael
 33655 | Orc:2    | Noticed Maurice
 33991 | Orc:2    | Reached skill level 10 in Hexes
 33995 | Orc:2    | Killed Maurice
 34241 | Orc:2    | Found Achulony's Weapon Emporium.
 34332 | Orc:2    | Received a gift from Nemelex Xobeh
 34390 | Orc:2    | Found a bloodstained altar of Trog.
 34589 | Orc:2    | Found Xedy's Distillery.
 34589 | Orc:2    | Found Jefu's Weapon Boutique.
 34590 | Orc:2    | Found Raosumiz's Antique Weapon Shop.
 34594 | Orc:2    | Found Unoop's Antique Weapon Shop.
 34731 | Orc:2    | Bought a potion of heal wounds for 50 gold pieces
 34731 | Orc:2    | Bought a potion of cancellation for 80 gold pieces
 34731 | Orc:2    | Bought a potion of invisibility for 80 gold pieces
 34731 | Orc:2    | Bought a potion of resistance for 100 gold pieces
 34731 | Orc:2    | Bought 2 potions of brilliance for 80 gold pieces
 34855 | D:8      | Bought a scroll of enchant armour for 97 gold pieces
 34855 | D:8      | Bought a scroll of noise for 13 gold pieces
 35188 | D:6      | Bought a potion of haste for 110 gold pieces
 35190 | D:6      | Bought 2 potions of haste for 220 gold pieces
 35391 | Orc:2    | Bought a warped rapier for 180 gold pieces
 35391 | Orc:2    | Identified the +7 rapier of Spores {elec, Fragile rPois
                  | rF+++ Will+} (You bought it in a shop on level 2 of the
                  | Orcish Mines)
 35940 | D:14     | Found a basalt altar of Yredelemnul.
 36301 | D:14     | Reached skill level 10 in Short Blades
 36301 | D:14     | Reached skill level 10 in Long Blades
 36301 | D:14     | Reached skill level 10 in Axes
 36301 | D:14     | Reached skill level 10 in Maces & Flails
 36301 | D:14     | Reached skill level 10 in Polearms
 36301 | D:14     | Reached skill level 10 in Staves
 36301 | D:14     | Reached skill level 10 in Bows
 36301 | D:14     | Reached skill level 10 in Crossbows
 36301 | D:14     | Reached skill level 10 in Throwing
 36301 | D:14     | Reached skill level 10 in Armour
 36301 | D:14     | Reached skill level 10 in Stealth
 36301 | D:14     | Reached skill level 10 in Shields
 36301 | D:14     | Reached skill level 10 in Unarmed Combat
 36301 | D:14     | Reached skill level 10 in Evocations
 36439 | D:14     | Reached skill level 11 in Invocations
 37330 | D:14     | Identified the +1 glaive of Greed {flame, Str+4 Dex-4 SInv
                  | Stlth+}
 37629 | D:14     | Found a gate to the Vaults.
 37734 | D:15     | Entered Level 15 of the Dungeon
 38056 | D:15     | Found a staircase to the Depths.
 38442 | D:15     | Received a gift from Nemelex Xobeh
 39112 | D:15     | Reached XP level 16. HP: 109/111 MP: 20/30
 39808 | D:15     | Learned a level 5 spell: Freezing Cloud
 39814 | D:15     | Learned a level 5 spell: Yara's Violent Unravelling
 39995 | D:10     | Learned a level 5 spell: Fireball
 40037 | Swamp:1  | Entered Level 1 of the Swamp
 41811 | Swamp:1  | Received a gift from Nemelex Xobeh
 42379 | Snake:1  | Entered Level 1 of the Snake Pit
 43068 | Snake:1  | Found Yllum's Jewellery Shoppe.
 43090 | Snake:1  | Found Luivol's Distillery.
 43093 | Snake:1  | Identified the +1 chain mail of Qonis {MP+9}
 43102 | Snake:1  | Bought a potion of heal wounds for 90 gold pieces
 43551 | Snake:1  | Received a gift from Nemelex Xobeh
 43862 | Snake:1  | Received a gift from Nemelex Xobeh
 44250 | Snake:1  | Reached skill level 12 in Invocations
 44360 | Snake:1  | Received a gift from Nemelex Xobeh
 44863 | Snake:2  | Identified the +2 trident "Vame" {freeze, Str+3 Stlth+}
 45282 | D:10     | Learned a level 4 spell: Airstrike
 45994 | Swamp:1  | Received a gift from Nemelex Xobeh
 46554 | Swamp:2  | Identified the +1 robe of the Orb {Str+4 SInv}
 46999 | Swamp:2  | Found a runed translucent door.
 47001 | Swamp:2  | Noticed dolemite99's ghost (adept GnHu)
 47021 | Swamp:2  | Killed dolemite99's ghost
 47030 | Swamp:2  | Identified the +5 ring mail of Asceticism {rElec Dex+5
                  | SInv}
 47236 | Swamp:2  | Received a gift from Nemelex Xobeh
 47763 | Snake:2  | Noticed Nikola
 47781 | Snake:2  | Killed Nikola
 48095 | Snake:1  | Reached XP level 17. HP: 17/118 MP: 4/32
 49410 | Snake:2  | Found a hide-covered altar of Uskayaw.
 49569 | Snake:2  | Received a gift from Nemelex Xobeh
 51548 | Snake:3  | Noticed Aizul
 51549 | Snake:3  | Killed Aizul
 51693 | Snake:3  | Identified the ring "Modemm" {rPois Dex+4 SInv}
 52405 | Snake:3  | Noticed Vashnia
 53234 | Snake:3  | Found a transporter.
 53235 | Snake:3  | Found a transporter.
 53543 | Snake:3  | Found a bloodstained altar of Trog.
 53553 | Snake:3  | Noticed Jiafu's ghost (adept DsIE)
 53855 | Snake:3  | Reached skill level 10 in Conjurations
 53855 | Snake:3  | Reached skill level 10 in Summonings
 53855 | Snake:3  | Reached skill level 10 in Necromancy
 53855 | Snake:3  | Reached skill level 10 in Translocations
 53855 | Snake:3  | Reached skill level 10 in Transmutations
 53855 | Snake:3  | Reached skill level 10 in Fire Magic
 53855 | Snake:3  | Reached skill level 10 in Ice Magic
 53855 | Snake:3  | Reached skill level 10 in Air Magic
 53855 | Snake:3  | Reached skill level 10 in Earth Magic
 53855 | Snake:3  | Reached skill level 10 in Poison Magic
 54086 | Snake:3  | Noticed Roxanne
 54108 | Snake:3  | Killed Roxanne
 54589 | Snake:3  | Killed Vashnia
 54914 | Snake:4  | Entered Level 4 of the Snake Pit
 54920 | Snake:3  | Acquired 819 gold pieces
 54978 | Snake:1  | Bought a ring of protection from cold for 375 gold pieces
 54997 | Snake:1  | Bought an amulet of faith for 600 gold pieces
 56455 | Swamp:2  | Noticed a quicksilver dragon
 56455 | Swamp:2  | an eleionoma changed into a quicksilver dragon
 56459 | Swamp:2  | Killed a quicksilver dragon
 56460 | Swamp:2  | Reached skill level 13 in Invocations
 57554 | Swamp:3  | Noticed a tentacled monstrosity
 57561 | Swamp:3  | Found the dreamshard necklace {*Dream Drain}
 57565 | Swamp:3  | Mangled by a bunyip

Illustrated notes

Levels and vault maps discovered:
D:1:      zaba_arrival_water, layout_loops_corners, basic_ecumenical_altar
D:2:      layout_basic, basic_altar
D:3:      layout_rooms, serial_shops, nicolae_shop_overgrown_old_shop
D:4:      layout_basic, minmay_temple_entry_wispy, serial_shops, shop_statue,
          uniq_menkaure
D:5:      layout_basic, uniq_duvessa
D:6:      layout_basic, serial_shops, nicolae_shop_hallway_stairs
D:7:      layout_loops_cross
D:8:      layout_basic, overflow_temple_1_default, serial_shops,
          kennysheep_mini, minmay_misc_feat_plants
D:9:      layout_cave_pools, serial_shops, nicolae_shop_window_shopping,
          uniq_maggie
D:10:     layout_cave_pods, minmay_lair_entry_grove, enter_bailey_2,
          nicolae_trove_entry_isolated
D:11:     cheibrodos_magma_flow, layout_layer_cave
D:12:     layout_roguey, erik_orc_3
D:13:     layout_long_grid, special_room [special_room_orc],
          pdpol_wu_jian_five_deadly_venoms
D:14:     layout_rooms, ximxim_vaults_locker_room, yredelemnul_altar_generic
D:15:     gammafunk_depths_entry_grave, layout_basic, nicolae_twisting_strands
Temple:   nicolae_temple_the_god_donut
Lair:1:   layout_cave_pods, gammafunk_ghost_cemetery, lemuel_fruit_tree
Lair:2:   layout_loops_ring, skrybe_swamp_entry_bodies,
          chequers_serial_rivers_room_a, hangedman_tree_tricks, st_stairs_7,
          grunt_forest_small_clearing_treed, uniq_amaemon
Lair:3:   layout_regular_city, fungi_pond_lemuel, grunt_megastairs_4,
          serial_bayou_shore_a
Lair:4:   layout_loops_ring, dummy_snake_entry, serial_bayou_shore_b,
          uniq_josephine, uniq_snorg
Lair:5:   layout_cave_shapes, dpeg_slime_entry_enclosed_altar,
          serial_bayou_pond_a
Lair:6:   evilmike_catoblepas_cave, layout_cave_pods, uniq_urug
Swamp:1:  layout_basic_swamp, serial_swamp_ruin, evilmike_swamp_ruin_house_1,
          evilmike_swamp_ruin_house_6, evilmike_swamp_ruin_house_3, swamp_pool4,
          st_swamp_mini, infiniplex_staircase_pool_2
Swamp:2:  layout_basic_swamp, ebering_ghost_reflecting_pool,
          hangedman_swamp_ruin_wall, swamp_pool3
Swamp:3:  nzn_winding_woodlands_three_and_one
          [nzn_winding_woodlands_5x15_pockets, nzn_winding_woodlands_5x15_twine,
          nzn_winding_woodlands_5x15_eye, nzn_winding_woodlands_center_garden],
          layout_basic_swamp, nicolae_swamp_orc_logging_accident
Snake:1:  layout_chambers, minmay_shop_star
Snake:2:  layout_onion_interference, basic_altar, grunt_megastairs_2,
          serial_bayou_shore_b, uniq_nikola
Snake:3:  layout_rooms, special_room, gammafunk_ghost_wrathful_warriors,
          uniq_roxanne, uniq_aizul, uniq_vashnia
Snake:4:  hellmonk_snake_rune_quicksilver_temple, layout_rooms,
          nicolae_snake_horde_hoard, minmay_shop_grove, uniq_donald
Orc:1:    layout_caves, basic_altar, serial_shops, shop_statue,
          portal_ice_cave_entry_pillars_2
Orc:2:    st_orc_mages, layout_caves, basic_altar, serial_shops,
          nicolae_shop_bloodbath_and_beyond, uniq_nessos, uniq_azrael,
          uniq_jorgrun, uniq_maurice

Skill      XL: |  1  2  3  4  5  6  7  8  9 10 11 12 13 14 15 16 17 |
---------------+----------------------------------------------------+-----
Invocations    | 1 2 3 4 5 6 7 8 9 10 11 12 13 | 13.1
Short Blades   | 1 2 3 4 5 6 7 8 9 10 11 12 | 12.0
Long Blades    | 1 2 3 4 5 6 7 8 9 10 11 12 | 12.0
Axes           | 1 2 3 4 5 6 7 8 9 10 11 12 | 12.0
Maces & Flails | 1 2 3 4 5 6 7 8 9 10 11 12 | 12.0
Polearms       | 1 2 3 4 5 6 7 8 9 10 11 12 | 12.0
Staves         | 1 2 3 4 5 6 7 8 9 10 11 12 | 12.0
Bows           | 1 2 3 4 5 6 7 8 9 10 11 12 | 12.0
Crossbows      | 1 2 3 4 5 6 7 8 9 10 11 12 | 12.0
Throwing       | 1 2 3 4 5 6 7 8 9 10 11 12 | 12.0
Armour         | 1 2 3 4 5 6 7 8 9 10 11 12 | 12.0
Stealth        | 1 2 3 4 5 6 7 8 9 10 11 12 | 12.0
Shields        | 1 2 3 4 5 6 7 8 9 10 11 12 | 12.0
Unarmed Combat | 1 2 3 4 5 6 7 8 9 10 11 12 | 12.0
Evocations     | 1 2 3 4 5 6 7 8 9 10 11 12 | 12.0
Spellcasting   | 3 4 5 6 7 8 9 10 11 12 | 12.3
Conjurations   | 1 2 3 4 5 6 7 8 9 10 | 10.2
Summonings     | 1 2 3 4 5 6 7 8 9 10 | 10.2
Necromancy     | 1 2 3 4 5 6 7 8 9 10 | 10.2
Translocations | 1 2 3 4 5 6 7 8 9 10 | 10.2
Transmutations | 1 2 3 4 5 6 7 8 9 10 | 10.2
Fire Magic     | 1 2 3 4 5 6 7 8 9 10 | 10.2
Ice Magic      | 1 2 3 4 5 6 7 8 9 10 | 10.2
Air Magic      | 1 2 3 4 5 6 7 8 9 10 | 10.2
Earth Magic    | 1 2 3 4 5 6 7 8 9 10 | 10.2
Poison Magic   | 1 2 3 4 5 6 7 8 9 10 | 10.2
Fighting       | 3 4 5 6 7 8 9 10 11 12 | 12.3
Slings         | 5 6 7 8 9 10 11 12 | 12.8
Dodging        | 5 6 7 8 9 10 11 12 | 12.8
Hexes          | 6 7 8 9 10 11 | 11.5

Action                   |  1- 3 |  4- 6 |  7- 9 | 10-12 | 13-15 | 16-18 || total
-------------------------+-------+-------+-------+-------+-------+-------++-------
Melee: Short sword       |       |     1 |       |       |     1 |       ||     2
       Whip              |       |       |       |     8 |       |       ||     8
       Punch             |       |       |       |     1 |       |       ||     1
       Demon whip        |       |       |       |     3 |    16 |     4 ||    23
       Bite              |       |       |       |     1 |     4 |     1 ||     6
       Fustibalus        |       |       |       |       |     3 |       ||     3
       Staff             |       |       |       |       |       |     1 ||     1
 Fire: Hunting sling     |   162 |   171 |       |       |       |       ||   333
       Fustibalus        |       |       |   171 |   374 |   472 |   423 ||  1440
 Cast: Slow              |    29 |    22 |    42 |    56 |    15 |       ||   164
       Ensorcelled Hiber |       |     2 |       |       |       |       ||     2
       Inner Flame       |       |       |     7 |    12 |     1 |       ||    20
       Mephitic Cloud    |       |       |       |    17 |    25 |     2 ||    44
       Cause Fear        |       |       |       |     1 |     4 |     2 ||     7
       Summon Lightning  |       |       |       |       |   107 |   103 ||   210
       Olgreb's Toxic Ra |       |       |       |       |    20 |    20 ||    40
       Fireball          |       |       |       |       |       |    29 ||    29
       Airstrike         |       |       |       |       |       |     6 ||     6
       Freezing Cloud    |       |       |       |       |       |    36 ||    36
       Yara's Violent Un |       |       |       |       |       |     7 ||     7
Invok: Draw Destruction  |       |     7 |     1 |    20 |    22 |    27 ||    77
       Draw Summoning    |       |       |     1 |    15 |    24 |    13 ||    53
       Draw Escape       |       |       |       |     1 |     1 |     2 ||     4
       Deal Four         |       |       |       |     1 |     2 |     2 ||     5
Evoke: Wand              |       |       |       |    28 |    43 |    42 ||   113
  Use: Scroll            |     1 |     5 |     9 |    10 |    12 |    11 ||    48
       Potion            |       |       |       |     4 |     6 |     3 ||    13
 Stab: Petrified         |       |       |       |       |     1 |       ||     1
       Invisible         |       |       |       |       |     3 |       ||     3
       Distracted        |       |       |       |       |     1 |     1 ||     2
Armor: Robe              |    12 |       |       |       |       |       ||    12
       Ring mail         |       |    61 |    42 |   107 |   168 |   115 ||   493
Dodge: Dodged            |    76 |    76 |    78 |   171 |   278 |   186 ||   865
Block: Kite shield       |       |       |       |       |    64 |   215 ||   279

Table legend: (Time is in decaauts)
 A = Elapsed time spent in this place.
 B = Non-inter-level travel time spent in this place.
 C = Inter-level travel time spent in this place.
 D = Time resting spent in this place.
 E = Time spent auto-exploring this place.
 F = Levels seen in this place.
 G = Mean time per level.
                   A        B        C        D        E       F      G
               +--------+--------+--------+--------+--------+-----+--------+
         Total |  58303 |  53804 |   4499 |  25969 |  19477 |  31 | 1880.7 |
       Dungeon |  26777 |  23995 |   2782 |   9485 |  10261 |  15 | 1785.1 |
        Temple |    259 |    243 |     16 |      0 |    225 |   1 |  259.0 |
          Lair |  13873 |  12918 |    955 |   5819 |   5294 |   6 | 2312.2 |
         Swamp |   6319 |   6031 |    288 |   4121 |   1109 |   3 | 2106.3 |
     Snake Pit |   9310 |   9077 |    233 |   5960 |   1893 |   4 | 2327.5 |
  Orcish Mines |   1763 |   1538 |    225 |    583 |    694 |   2 |  881.5 |
               +--------+--------+--------+--------+--------+-----+--------+

Top non-repeatable levels by time:
  Lair:6: 4272 daAuts
    D:12: 3798 daAuts
 Snake:3: 3431 daAuts
 Swamp:2: 3238 daAuts
 Snake:1: 3125 daAuts
 Snake:2: 2751 daAuts
 Swamp:1: 2510 daAuts
  Lair:2: 2363 daAuts
    D:11: 2304 daAuts
    D:10: 2303 daAuts
    D:15: 2120 daAuts
  Lair:3: 2093 daAuts
     D:4: 2070 daAuts
     D:9: 1976 daAuts
  Lair:5: 1907 daAuts
